 Dungeon Crawl Stone Soup version 0.30-a0-12-gd8047c6341 (webtiles) character file.

Game seed: 10846254832088088002

65973 siradein the Thaumaturge (level 14, -5/116 (118) HPs)
             Began as a Pale Draconian Conjurer on Aug 23, 2022.
             Was an Elder of Jiyva.
             Killed by divine providence
             ... invoked by an orc priest
              (11 damage)
             ... on level 2 of the Orcish Mines.
             The game lasted 01:01:09 (22076 turns).

siradein the Thaumaturge (Pale Draconian Conjurer) Turns: 22076, Time: 01:01:10

HP:   -5/116 (118)  AC: 24    Str:  8    XL:     14   Next: 77%
MP:   31/31         EV: 19    Int: 24    God:    Jiyva [****..]
Gold: 726           SH:  0    Dex:  8    Spells: 23/39 levels left

rFire   + . .      SeeInvis .    K - +12 pair of quick blades "Gyre" and "Gimble" {protect}
rCold   . . .      Faith    .    (shield currently unavailable)
rNeg    . . .      Spirit   .    (body armour unavailable)
rPois   +          Reflect  .    (helmet restricted)
rElec   +          Harm     .    u - +2 cloak
rCorr   +          Rampage  .    w - +2 pair of gloves
Will    +....                    v - +1 pair of boots of Knowledge {Contam Drain rPois Slay+5}
Stlth   +++.......               i - amulet of regeneration
HPRegen 3.17/turn                N - ring "Mar Les" {Fly rElec rF+ rCorr Str-5}
MPRegen 0.62/turn                V - +4 ring of evasion

@: wereblooded, spiked, under a protective aura, flying, lightly drained
A: breathe steam, AC +8, unfitting armour, cold-blooded, steam resistance,
poison resistance, regeneration 1, strong 1, gelatinous body 1, pseudopods 3
a: Breathe Steam, Renounce Religion, Oozemancy, Slimify


You were on level 2 of the Orcish Mines.
You worshipped Jiyva.
Jiyva was greatly pleased with you.
You visited 3 branches of the dungeon, and saw 19 of its levels.
You also visited: Ossuary and Ice Cave.

You collected 1741 gold pieces.
You spent 1015 gold pieces at shops.

Inventory:

Hand Weapons
 t - the +3 hammer "Impbane" {vorpal, *Noise Fly rPois MP+9 SInv}
   (You found it on level 3 of the Dungeon)

   It inflicts extra damage upon your enemies.
   rPois:     It protects you from poison.
   MP:        It affects your magic capacity (+9).
   SInv:      It lets you see invisible.
   Fly:       It grants you flight.
   *Noise:    It may make noises in combat.
 K - the +12 pair of quick blades "Gyre" and "Gimble" (weapon) {protect}
   (You found it on level 7 of the Dungeon)

   It grants its wielder temporary protection when it strikes (+7 to AC).
 U - the +6 rapier of Imminent Death {drain, rF+ rC++ rCorr Dex+3}
   (You found it on level 11 of the Dungeon)

   A truly terrible weapon, it drains the life of any living foe it strikes.
   Dex:       It affects your dexterity (+3).
   rF:        It protects you from fire.
   rC:        It greatly protects you from cold.
   rCorr:     It protects you from acid and corrosion.
Missiles
 c - 6 throwing nets
Armour
 f - a +1 kite shield of protection
 u - a +2 cloak (worn)
 v - the +1 pair of boots of Knowledge (worn) {Contam Drain rPois Slay+5}
   (You found it on level 7 of the Dungeon)

   Slay:      It affects your accuracy & damage with ranged weapons and melee
   (+5).
   rPois:     It protects you from poison.
   Contam:    It causes magical contamination when unequipped.
   Drain:     It drains your maximum health when unequipped.
 w - a +2 pair of gloves (worn)
Jewellery
 i - an amulet of regeneration (around neck)
 j - a ring of positive energy
 y - an amulet of reflection
 M - an amulet of magic regeneration
 N - the ring "Mar Les" (left hand) {Fly rElec rF+ rCorr Str-5}
   (You acquired it on level 1 of the Lair of Beasts)

   [ring of flight]

   Str:       It affects your strength (-5).
   rF:        It protects you from fire.
   rElec:     It insulates you from electricity.
   Fly:       It grants you flight.
   rCorr:     It protects you from acid and corrosion.
 V - a +4 ring of evasion (right hand)
 X - an amulet of faith
 Y - a ring of fire
Wands
 o - a wand of flame (72)
 z - a wand of polymorph (15)
 P - a wand of iceblast (12)
 T - a wand of quicksilver (11)
 Z - a wand of charming (10)
Scrolls
 d - 3 scrolls of brand weapon
 e - 3 scrolls of poison
 g - 3 scrolls of blinking
 k - 4 scrolls of immolation
 l - 4 scrolls of enchant weapon
 m - 3 scrolls of magic mapping
 q - 7 scrolls of fog
 r - 2 scrolls of fear
 B - a scroll of summoning
 E - 5 scrolls of teleportation
 I - 4 scrolls of amnesia
 L - 3 scrolls of torment
Potions
 a - 3 potions of magic
 b - 4 potions of attraction
 h - 9 potions of brilliance
 n - 7 potions of haste
 p - 3 potions of cancellation {unknown}
 s - 3 potions of mutation
 x - 2 potions of curing
 A - 2 potions of lignification
 C - 5 potions of resistance
 D - a potion of ambrosia {unknown}
 F - 2 potions of heal wounds
 G - 2 potions of might
 O - a potion of berserk rage {unknown}
 Q - a potion of invisibility
Miscellaneous
 H - a lightning rod (4/4)
 J - a box of beasts
 S - a phial of floods
 W - a phantom mirror


   Skills:
 + Level 9.0 Fighting
 - Level 8.0 Short Blades
 + Level 8.4 Dodging
 + Level 7.7 Stealth
 - Level 2.8 Shields
 + Level 13.2 Spellcasting
 - Level 13.0 Conjurations
 + Level 6.5 Transmutations
 + Level 7.7 Evocations


You had 23 spell levels left.
You knew the following spells:

 Your Spells              Type           Power      Damage    Failure   Level
a - Wereblood             Tmut           47%        N/A       1%          2
b - Searing Ray           Conj           100%       2d8       1%          2
c - Fulminant Prism       Conj/Hex       23%        3d13      2%          4
d - Iskenderun's Mystic   Conj/Tloc      47%        2d10      2%          4
e - Swiftness             Air            15%        N/A       12%         3
f - Magic Dart            Conj           100%       1d8       1%          1

Your spell library contained the following spells:

 Spells                   Type           Power      Damage    Failure   Level
 Shock                    Conj/Air       100%       1d9       1%          1
 Dazzling Flash           Conj/Hex       94%        N/A       1%          3
 Slow                     Hex            60%        N/A       3%          1
 Sublimation of Blood     Necr           15%        N/A       6%          2
 Confusing Touch          Hex            15%        N/A       12%         3
 Inner Flame              Hex/Fire       15%        N/A       12%         3
 Vampiric Draining        Necr           15%        2d7       12%         3
 Airstrike                Air            7%         2d(2-18)  36%         4
 Cause Fear               Hex            7%         N/A       36%         4
 Corpse Rot               Necr/Pois/Air  15%        N/A       36%         4
 Dispel Undead            Necr           15%        3d10      36%         4
 Death Channel            Necr           7%         N/A       99%         6
 Summon Hydra             Summ           7%         N/A       100%        7
 Discord                  Hex            7%         N/A       100%        8


Dungeon Overview and Level Annotations

Branches:
Dungeon (12/15)            Temple (0/1) D:4            Lair (5/5) D:10
 Shoals (0/4) Lair:3       Spider (0/4) Lair:3        Slime (0/5) Lair:4
    Orc (2/2) D:12            Elf (0/3) Orc:2       Ossuary (visited)
  IceCv (visited)

Altars:
Elyvilon
Gozag
Makhleb
Nemelex Xobeh
Qazlal
Ru
Trog
Uskayaw
Vehumet
Wu Jian
Zin
The Shining One
Jiyva

Shops:
D:2 [(!([   D:7 ?   D:11 =?::=   Orc:2 =

Portals:
Trove: D:10 (give +2 storm dragon scales)

Annotations:
Lair:2 3 runed translucent doors, BubbleThief's ghost, journeyman NaVM; siradein's ghost, journeyman DrNe


Innate Abilities, Weirdness & Mutations

You can breathe blasts of scalding, opaque steam.
Your pale cyan-grey scales are hard. (AC +8)
You cannot fit into any form of body armour.
You are cold-blooded and may be slowed by cold attacks.
You are immune to the effects of steam.
Your system is resistant to poisons. (rPois)
Your natural rate of healing is unusually fast.
Your muscles are strong. (Str +4, Int/Dex -1)
Your rubbery body absorbs attacks. (AC +1, EV +1)
Armour fits poorly on your massive pseudopods.


Message History

Your bludgeon misses the orc high priest.
You barely miss the orc high priest.
The orc warrior hits you but does no damage.
The orc priest invokes the aid of Beogh against you.
Beogh smites you!
The orc priest invokes the aid of Beogh against you.
Beogh smites you! The orc warrior misses you.
The orc high priest mumbles some strange prayers to Beogh.
An orc priest comes into view. It is wielding a +0 flail.
The hellwing swoops through the air toward you!
The hellwing misses you. The hellwing completely misses you.
You closely miss the orc high priest. You puncture the orc high priest!
You hear a shout!
You barely miss the orc high priest. You tail-slap the orc high priest!
You feel a bit better.
You kill the orc high priest!
The red devil disappears in a puff of smoke!
The rust devil disappears in a puff of smoke!
The hellwing disappears in a puff of smoke!
The orc knight attacks as you move away!
The orc knight unwields a +0 arbalest.
The orc knight wields a +0 glaive.
The orc knight hits you with a +0 glaive!!!
* * * LOW HITPOINT WARNING * * *
An orc high priest comes into view. It is wielding a +4 dire flail.
The orc warrior hits you but does no damage.
The orc high priest mumbles some strange prayers to Beogh.
The orc warrior hits you but does no damage.
The red devil hits you from afar with a +1 demon trident of draining.
* * * LOW HITPOINT WARNING * * *
Barbed spikes become lodged in your body.
You feel drained.
* * * LOW HITPOINT WARNING * * *
The orc knight hits you from afar with a +0 glaive.
* * * LOW HITPOINT WARNING * * *
Things that are here:
a +0 flail; an orc corpse You hit the orc high priest.
You impale the orc high priest!!
The orc priest calls down the wrath of Beogh upon you.
Beogh smites you!
You die...

#...........##
#...#...#...#
#.........## .
#..#...#..# .
#.......## #
###.#)### #
#.)§.§#
###.#o###
#oo)@o).#
#..#ooo#..# ##
#.o44ooo..# #.
#.o.#..o#o..#
##.
#..o3ooo4...#
###..
#....#oo.#....#
#.... #..
...ooo....#
###.... #...
#...# ...#
#.....# ##.....


You could see 2 orc knights, a soul eater (summoned), 3 orc high priests, a rust
devil (summoned), a chaos spawn (summoned), a red devil (summoned, expiring), 12
orc warriors and 6 orc priests.

Vanquished Creatures
  Rupert (Lair:5)
  A dire elephant (Lair:5)
  Harold (Orc:1)
  5 hydras
  A centaur warrior (D:8)
  2 catoblepae
  7 two-headed ogres
  A deep troll shaman (Lair:5)
  5 death yaks
  2 orc high priests (Orc:2)
  Amaemon (Lair:3)
  Pikel (D:7)
  5 orc knights (Orc:2)
  2 deep elf pyromancers
  3 ugly things
  An oklob plant (Lair:2)
  3 cyclopes
  A manticore (D:12)
  4 black mambas
  3 ice statues (IceCv)
  Maggie (D:7)
  11 elephants
  2 torpor snails
  An orange demon (Lair:3)
  6 cane toads
  7 rime drakes
  2 kobold demonologists
  An unseen horror (D:8)
  4 komodo dragons
  An anaconda simulacrum (IceCv)
  2 trolls
  5 polar bears
  A merfolk (Lair:3)
  A tarantella (Lair:3)
  15 blink frogs
  Grinder (D:3)
  2 slime creatures (D:7)
  44 dancing weapons
  15 dream sheep
  2 shadows
  A centaur simulacrum (D:11)
  7 spriggans
  11 wyverns
  A vampire (D:8)
  A wraith (D:11)
  14 basilisks
  28 yaks
  4 fire bats (Lair:5)
  2 steam dragons
  Eustachio (D:5)
  A death yak simulacrum (IceCv)
  Menkaure (D:5)
  A harpy simulacrum (IceCv)
  2 wargs
  2 acid dragons
  17 water moccasins
  4 black bears
  24 orc warriors
  5 ice beasts
  A sky beast (D:7)
  2 ogres
  17 wolves
  3 centaurs
  2 lemures (D:7)
  2 phantoms
  8 bullfrogs
  2 gnoll sergeants
  2 kobold brigands
  3 necrophages
  A two-headed ogre simulacrum (D:11)
  2 scorpions
  10 wights
  2 jellies (D:7)
  7 killer bees
  An elephant simulacrum (IceCv)
  2 howler monkeys (D:9)
  5 electric eels
  Crazy Yiuf (D:3)
  7 hounds
  A gnoll bouda (D:7)
  24 orc priests
  7 iguanas
  Ijyb (D:5)
  8 hell rats (Lair:4)
  11 orc wizards
  A troll simulacrum (D:11)
  A wolf simulacrum (IceCv)
  3 polar bear simulacra (IceCv)
  A spriggan simulacrum (D:11)
  8 mummies (Ossuary)
  19 gnolls
  7 adders
  A naga simulacrum (D:11)
  5 white imps
  2 ufetubi
  3 worms
  2 dart slugs
  65 orcs
  4 bats
  9 endoplasms
  A giant cockroach (D:3)
  A gnoll zombie (Ossuary)
  7 goblins
  4 hobgoblins
  8 jackals
  2 quokkas
  8 ball pythons
  3 frilled lizards
  A hobgoblin zombie (Ossuary)
  21 kobolds
  4 kobold zombies (Ossuary)
  2 orc zombies (Ossuary)
  6 rats
  A butterfly (Lair:1)
633 creatures vanquished.

Vanquished Creatures (others)
  A troll (D:12)
  3 wolves (Lair:5)
  An orc priest (Orc:2)
  16 jellies
  5 orcs
  7 fulminant prisms
  46 fungi
  61 plants
140 creatures vanquished.

Grand Total: 773 creatures vanquished

Notes
Turn   | Place    | Note
-------+----------+-------------------------------------------
     0 | D:1      | siradein the Draconian Conjurer began the quest for the
                  | Orb.
     0 | D:1      | Reached XP level 1. HP: 14/14 MP: 3/3
   411 | D:1      | Found a faded altar of an unknown god.
   762 | D:1      | Reached XP level 2. HP: 20/20 MP: 1/5
   851 | D:1      | Learned a level 2 spell: Searing Ray
  1844 | D:2      | Found Poicvag's Distillery.
  2069 | D:2      | Reached XP level 3. HP: 26/26 MP: 4/7
  2097 | D:2      | Found Osar Zai's Antique Armour Boutique.
  2461 | D:2      | Found Cairicw's Antique Weapon Emporium.
  2507 | D:2      | Found Lumuon's Armour Shop.
  2576 | D:2      | Found Foekuxka's Weapon Emporium.
  2800 | D:3      | Noticed Grinder
  2821 | D:3      | Killed Grinder
  2822 | D:3      | Reached skill level 5 in Conjurations
  2822 | D:3      | Reached XP level 4. HP: 33/33 MP: 0/10
  2822 | D:3      | Reached XP level 5. HP: 38/38 MP: 0/11
  2935 | D:3      | Found a radiant altar of Vehumet.
  2954 | D:3      | Became a worshipper of Vehumet
  3131 | D:3      | Found a stormy altar of Qazlal.
  3300 | D:3      | Reached XP level 6. HP: 45/45 MP: 7/12
  3305 | D:3      | Learned a level 4 spell: Fulminant Prism
  3661 | D:3      | Found a sparkling altar of Nemelex Xobeh.
  3948 | D:3      | Found a runed translucent door.
  3949 | D:3      | Noticed Crazy Yiuf
  3955 | D:3      | Killed Crazy Yiuf
  3967 | D:3      | Identified the +3 hammer "Impbane" {vorpal, *Noise Fly
                  | rPois MP+9 SInv}
  4194 | D:4      | Gained mutation: Your muscles are strong. (Str +4, Int/Dex
                  | -1) [potion of mutation]
  4194 | D:4      | Gained mutation: Your natural rate of healing is unusually
                  | fast. [potion of mutation]
  4194 | D:4      | Gained mutation: Your system is resistant to poisons.
                  | (rPois) [potion of mutation]
  4202 | D:4      | Reached skill level 5 in Spellcasting
  4363 | D:4      | Your scales start taking on a pale cyan-grey colour.
  4363 | D:4      | Reached XP level 7. HP: 50/50 MP: 14/14
  4363 | D:4      | Gained mutation: You are immune to the effects of steam.
                  | [Pale Draconian growth]
  4406 | D:4      | Learned a level 4 spell: Iskenderun's Mystic Blast
  4511 | D:4      | Found a white marble altar of Elyvilon.
  4511 | D:4      | Found a bloodstained altar of Trog.
  4753 | D:4      | Found a staircase to the Ecumenical Temple.
  4927 | D:5      | Entered Level 5 of the Dungeon
  4944 | D:5      | Reached * piety under Vehumet
  4944 | D:5      | Offered knowledge of Freeze by Vehumet.
  5315 | D:5      | Found a glowing golden altar of the Shining One.
  5352 | D:5      | Noticed Ijyb
  5377 | D:5      | Killed Ijyb
  5432 | D:5      | Noticed Menkaure
  5435 | D:5      | Killed Menkaure
  5467 | D:5      | Noticed Eustachio
  5473 | D:5      | Killed Eustachio
  5474 | D:5      | Reached XP level 8. HP: 57/57 MP: 17/17
  5880 | D:5      | Found an opulent altar of Gozag.
  6284 | D:6      | Reached ** piety under Vehumet
  6287 | D:6      | Offered knowledge of Static Discharge by Vehumet.
  6382 | D:6      | Reached XP level 9. HP: 62/62 MP: 21/21
  6907 | D:7      | Reached skill level 10 in Conjurations
  6934 | D:7      | Found a sand-covered staircase.
  6950 | Ossuary  | Entered an ossuary
  7042 | Ossuary  | Offered knowledge of Mephitic Cloud by Vehumet.
  7286 | D:7      | Found Ussiam's Magic Scroll Shoppe.
  7290 | D:7      | Bought a scroll of identify for 22 gold pieces
  7290 | D:7      | Bought a scroll of magic mapping for 82 gold pieces
  7290 | D:7      | Bought a scroll of enchant armour for 82 gold pieces
  7290 | D:7      | Bought a scroll of amnesia for 44 gold pieces
  7290 | D:7      | Bought a scroll of vulnerability for 44 gold pieces
  7290 | D:7      | Bought a scroll of identify for 22 gold pieces
  7290 | D:7      | Bought 3 scrolls of noise for 33 gold pieces
  7336 | D:7      | Noticed Pikel
  7345 | D:7      | Killed Pikel
  7430 | D:7      | Reached *** piety under Vehumet
  7446 | D:7      | Noticed a deep elf pyromancer
  7452 | D:7      | Killed a deep elf pyromancer
  7453 | D:7      | Reached XP level 10. HP: 40/69 MP: 23/23
  7468 | D:7      | Noticed a purple ugly thing
  7545 | D:7      | Found a sacrificial altar of Ru.
  7576 | D:7      | Killed a purple ugly thing
  7577 | D:7      | Reached skill level 10 in Spellcasting
  7622 | D:7      | Offered knowledge of Frozen Ramparts by Vehumet.
  7628 | D:7      | Noticed Maggie
  7730 | D:7      | Killed Maggie
  7855 | D:7      | Found a burning altar of Makhleb.
  8058 | D:7      | Found a hide-covered altar of Uskayaw.
  8059 | D:7      | Found a stormy altar of Qazlal.
  8060 | D:7      | Found a white marble altar of Elyvilon.
  8060 | D:7      | Found a white marble altar of Elyvilon.
  8062 | D:7      | Identified the +8 hand axe of Fortitude {flame, rC+ Str+3}
  8094 | D:7      | Reached **** piety under Vehumet
  8137 | D:7      | Reached skill level 1 in Shields
  8242 | D:7      | Identified the +1 pair of boots of Knowledge {Contam Drain
                  | rPois Slay+5}
  8321 | D:7      | Found a glowing silver altar of Zin.
  8322 | D:7      | Found an opulent altar of Gozag.
  8369 | D:7      | Offered knowledge of Flame Wave by Vehumet.
  8448 | D:7      | Found the +12 pair of quick blades "Gyre" and "Gimble"
                  | {protect}
  8553 | D:7      | Noticed a two-headed ogre
  8577 | D:7      | Noticed a two-headed ogre
  8584 | D:7      | Killed a two-headed ogre
  8661 | D:7      | Killed a two-headed ogre
  8662 | D:7      | Reached XP level 11. HP: 34/74 MP: 24/26
  8859 | D:8      | Noticed a two-headed ogre
  8865 | D:8      | Killed a two-headed ogre
  8866 | D:8      | Reached skill level 1 in Fighting
  8866 | D:8      | Reached skill level 1 in Short Blades
  8923 | D:8      | Noticed a deep elf pyromancer
  8933 | D:8      | Killed a deep elf pyromancer
  9012 | D:8      | Noticed a seven-headed hydra
  9026 | D:8      | Killed a seven-headed hydra
  9097 | D:8      | Noticed a centaur warrior
  9109 | D:8      | Killed a centaur warrior
  9269 | D:8      | Noticed a two-headed ogre
  9272 | D:8      | Reached ***** piety under Vehumet
  9272 | D:8      | Offered knowledge of Ozocubu's Refrigeration by Vehumet.
  9280 | D:8      | Killed a two-headed ogre
  9569 | D:9      | Noticed a two-headed ogre
  9579 | D:9      | Killed a two-headed ogre
  9977 | D:9      | Learned a level 3 spell: Swiftness
 10261 | D:10     | Entered Level 10 of the Dungeon
 10265 | D:10     | Found an ornate altar of the Wu Jian Council.
 10347 | D:10     | Reached skill level 5 in Dodging
 10388 | D:10     | Noticed a two-headed ogre
 10392 | D:10     | Killed a two-headed ogre
 10504 | D:10     | Fell from the grace of Vehumet
 10504 | D:10     | Became a worshipper of the Wu Jian Council
 10657 | D:10     | Found a staircase to the Lair.
 10676 | D:10     | Found a portal to a secret trove of treasure.
 10724 | D:10     | Reached XP level 12. HP: 92/92 MP: 27/27
 10997 | D:11     | Identified the +0 leather armour of the Fisher {rC+ Will+
                  | rCorr}
 11011 | D:11     | Found a frozen archway.
 11013 | D:11     | Found Sidaxyl's Book Shop.
 11016 | D:11     | Found Jaudghe's Book Boutique.
 11017 | D:11     | Identified the +6 rapier of Imminent Death {drain, rF+ rC++
                  | rCorr Dex+3}
 11020 | D:11     | Reached skill level 1 in Evocations
 11052 | IceCv    | Entered an ice cave
 11208 | IceCv    | Reached * piety under Wu Jian
 11352 | IceCv    | Reached skill level 5 in Fighting
 11498 | D:11     | Bought a book of Blood for 392 gold pieces
 11501 | D:11     | Learned a level 2 spell: Wereblood
 11639 | D:11     | Found Mugg's Jewellery Shop.
 11648 | D:11     | Found Qoniuch's Magic Scroll Emporium.
 11937 | D:11     | Found Zyten's Jewellery Shoppe.
 11944 | D:11     | Reached skill level 5 in Short Blades
 12294 | Lair:1   | Entered Level 1 of the Lair of Beasts
 12306 | Lair:1   | Reached skill level 1 in Transmutations
 12507 | Lair:1   | Identified a scroll of acquirement
 12510 | Lair:1   | Acquired the ring "Mar Les" {Fly rElec rF+ rCorr Str-5}
 13068 | Lair:2   | Reached ** piety under Wu Jian
 13202 | Lair:2   | Found a runed translucent gate.
 13202 | Lair:2   | Found a runed translucent gate.
 13202 | Lair:2   | Found a runed translucent gate.
 13203 | Lair:2   | Noticed BubbleThief's ghost (journeyman NaVM)
 13205 | Lair:2   | Noticed siradein's ghost (journeyman DrNe)
 13842 | Lair:3   | Noticed a catoblepas
 13852 | Lair:3   | Killed a catoblepas
 13854 | Lair:3   | Noticed Amaemon
 13858 | Lair:3   | Reached skill level 5 in Stealth
 13858 | Lair:3   | Reached XP level 13. HP: 103/103 MP: 27/29
 13867 | Lair:3   | Killed Amaemon
 14152 | Lair:3   | Reached skill level 5 in Evocations
 14262 | Lair:3   | Found a hole to the Spider Nest.
 14335 | Lair:3   | Found a staircase to the Shoals.
 14556 | Lair:4   | Reached *** piety under Wu Jian
 14812 | Lair:4   | Found a viscous altar of Jiyva.
 14812 | Lair:4   | Found a staircase to the Slime Pits.
 15008 | Lair:4   | Found an ornate altar of the Wu Jian Council.
 15185 | Lair:4   | Fell from the grace of Wu Jian
 15185 | Lair:4   | Became a worshipper of Jiyva Joawearc the Shapeless
 15827 | Lair:4   | Reached * piety under Jiyva
 15872 | Lair:4   | Was forgiven by Vehumet
 19380 | Lair:5   | Entered Level 5 of the Lair of Beasts
 19607 | Lair:5   | Reached skill level 5 in Transmutations
 19646 | Lair:5   | Reached XP level 14. HP: 114/114 MP: 30/30
 19841 | Lair:5   | Noticed Rupert
 19846 | Lair:5   | Reached ** piety under Jiyva
 19846 | Lair:5   | Paralysed by Rupert for 2 turns
 19858 | Lair:5   | Killed Rupert
 20809 | D:2      | Bought a potion of curing for 42 gold pieces
 20809 | D:2      | Bought a potion of heal wounds for 70 gold pieces
 20809 | D:2      | Bought a potion of attraction for 42 gold pieces
 20809 | D:2      | Bought a potion of resistance for 140 gold pieces
 21075 | D:12     | Identified the +5 great sword of the Morning {speed, Dex+4
                  | SInv}
 21273 | D:12     | Reached *** piety under Jiyva
 21355 | D:12     | Found a staircase to the Orcish Mines.
 21518 | Orc:1    | Entered Level 1 of the Orcish Mines
 21518 | Orc:1    | Noticed Harold
 21527 | Orc:1    | Killed Harold
 21730 | Orc:2    | Entered Level 2 of the Orcish Mines
 21801 | Orc:2    | Found Ponausy's Jewellery Shoppe.
 21844 | Orc:2    | Gained mutation: Armour fits poorly on your pseudopods.
                  | [Jiyva's grace]
 21844 | Orc:2    | Gained mutation: Armour fits poorly on your large
                  | pseudopods. [Jiyva's grace]
 21844 | Orc:2    | Gained mutation: Armour fits poorly on your massive
                  | pseudopods. [Jiyva's grace]
 21844 | Orc:2    | Gained mutation: Your rubbery body absorbs attacks. (AC +1,
                  | EV +1) [Jiyva's grace]
 21961 | Orc:2    | Found a staircase to the Elven Halls.
 21994 | Orc:2    | Reached **** piety under Jiyva
 22076 | Orc:2    | Killed from afar by an orc priest

Illustrated notes

Levels and vault maps discovered:
D:1:      dpeg_arrival_concentric_ovals, layout_basic,
          shapermc_ecumenical_altar_acropolis, corexii_leaking_fountain,
          minmay_misc_feat_nine_boxes
D:2:      layout_loops_ring, serial_shops, shop_fountains,
          nicolae_shop_statue_plus, nicolae_shop_statue_plus, shop,
          nicolae_shop_hallway_plus
D:3:      layout_loops_ring, nemelex_diamond_rough_becter,
          nicolae_qazlal_scattered_showers, nicolae_vehumet_radiance,
          kennysheep_orc_chapel, uniq_grinder, uniq_crazy_yiuf_cottage
D:4:      layout_rooms, gammafunk_temple_overflow_elements,
          minmay_temple_entry_glassed_door, nicolae_elevator_lobby_asterisk
D:5:      layout_basic, nicolae_tso_carved_into_rock, grunt_gozag_breadcrumbs,
          serial_aquarium, aquarium_bridge_square [aquarium_subvault_window,
          aquarium_subvault_bridge, aquarium_subvault_bridge,
          aquarium_subvault_window], aquarium_window_fake, aquarium_window_2,
          aquarium_window_corridor_1, aquarium_view_2f, aquarium_view_2d,
          minivault_24, minivault_23, uniq_eustachio, uniq_ijyb, uniq_menkaure
D:6:      layout_basic
D:7:      minmay_the_grid_octo_2x2 [minmay_the_grid_octo_vomiting_pacman,
          minmay_the_grid_octo_chip, minmay_the_grid_octo_shrine,
          minmay_the_grid_octo_prize_star], layout_basic,
          mainiacjoe_overflow_small_starburst,
          nicolae_ru_great_annihilating_truth, serial_shops, shop_statue,
          lightli_ossuary_entry_decrepit_ruins,
          hellmonk_guarded_unrand_gyre_and_gimble, uniq_maggie, uniq_pikel
D:8:      layout_cave_pools, minmay_shattered_shrine
D:9:      layout_irregular_city
D:10:     layout_roguey, nzn_wu_jian_contemplation, lair_entry_dummy,
          nicolae_trove_entry_free_sample, dreamdust_mushroom_princess
D:11:     layout_basic, serial_ice, serial_ice_n, serial_ice_k, serial_ice_h,
          serial_ice_d, portal_ice_cave_entry_ice_simulacra, serial_shops,
          nicolae_shop_hallway_plus, shop,
          nicolae_shop_temple_entry_statues_fountains, nicolae_shop_crystal,
          nicolae_square_shop
D:12:     layout_cave_pools, minmay_orc_entry_temple_small,
          hangedman_decor_slide_cut, dk_vineyard_3
Lair:1:   layout_cave_pods, lemuel_fruit_fields, lemuel_fruit_fields
Lair:2:   layout_chaotic_city, gammafunk_ghost_cemetery, grunt_megastairs_1
Lair:3:   layout_regular_city, elwin_shoals_entry_rooms,
          spider_nest_entry_rubble, uniq_amaemon
Lair:4:   nzn_winding_woodlands_small [nzn_winding_woodlands_5x15_eye,
          nzn_winding_woodlands_center_diamonds,
          nzn_winding_woodlands_5x15_zeroes], layout_layer_cave, slime_entry_1,
          special_room [special_room_mythical_zoo], basic_altar,
          serial_bayou_shore_a
Lair:5:   grunt_lair_end_beastmaster, layout_gridlike, minivault_26,
          wad_woods_01, uniq_rupert
Orc:1:    layout_caves, basic_altar, uniq_harold
Orc:2:    st_orc_pillars, layout_diamond_mine, serial_shops,
          nicolae_shop_crystal

Skill      XL: |  1  2  3  4  5  6  7  8  9 10 11 12 13 14 |
---------------+-------------------------------------------+-----
Spellcasting   | 4 5 6 8 9 11 12 13 | 13.2
Conjurations   | 5 6 7 9 11 12 13 | 13.0
Dodging        | 3 5 6 7 8 |  8.4
Shields        | 2 |  2.8
Fighting       | 4 6 7 9 |  9.0
Short Blades   | 4 5 7 8 |  8.0
Stealth        | 2 5 6 7 |  7.7
Evocations     | 4 6 7 |  7.7
Transmutations | 2 5 6 |  6.5

Action                   |  1- 3 |  4- 6 |  7- 9 | 10-12 | 13-15 || total
-------------------------+-------+-------+-------+-------+-------++-------
Melee: Unarmed           |    24 |       |       |       |       ||    24
       Tailslap          |     1 |       |     1 |    71 |   154 ||   227
       Mace              |       |     2 |     2 |       |       ||     4
       Pair of quick bla |       |       |       |   340 |   741 ||  1081
       Rapier            |       |       |       |    72 |       ||    72
       Pseudopods        |       |       |       |       |    18 ||    18
 Cast: Magic Dart        |    67 |    52 |   105 |    54 |       ||   278
       Searing Ray       |     3 |    11 |    34 |    31 |       ||    79
       Fulminant Prism   |       |       |       |     7 |       ||     7
       Wereblood         |       |       |       |    16 |    37 ||    53
Invok: Lunge             |       |       |       |    22 |     9 ||    31
       Whirlwind         |       |       |       |     4 |       ||     4
 Abil: Breathe Steam     |       |       |    27 |    28 |     6 ||    61
  Use: Potion            |       |     5 |       |     1 |     2 ||     8
       Scroll            |       |       |     7 |    15 |     1 ||    23
 Stab: Invisible         |       |     1 |       |       |       ||     1
       Sleeping          |       |       |       |     4 |     5 ||     9
Armor: Skin              |    13 |     2 |    14 |   148 |   188 ||   365
Dodge: Dodged            |    31 |     8 |    21 |   211 |   238 ||   509
Block: Other             |       |       |     1 |    25 |       ||    26
       Kite shield       |       |       |       |    44 |       ||    44
       Reflection        |       |       |       |     1 |       ||     1

Table legend: (Time is in decaauts)
 A = Elapsed time spent in this place.
 B = Non-inter-level travel time spent in this place.
 C = Inter-level travel time spent in this place.
 D = Time resting spent in this place.
 E = Time spent auto-exploring this place.
 F = Levels seen in this place.
 G = Mean time per level.
                   A        B        C        D        E       F      G
               +--------+--------+--------+--------+--------+-----+--------+
         Total |  21547 |  17907 |   3640 |   1239 |  13714 |  21 | 1026.0 |
       Dungeon |  15090 |  12337 |   2753 |   1072 |   9521 |  12 | 1257.5 |
          Lair |   5252 |   4379 |    873 |    111 |   3546 |   5 | 1050.4 |
  Orcish Mines |    466 |    453 |     13 |      0 |    331 |   2 |  233.0 |
       Ossuary |    309 |    309 |      0 |      0 |    221 |   1 |  309.0 |
      Ice Cave |    428 |    428 |      0 |     56 |     95 |   1 |  428.0 |
               +--------+--------+--------+--------+--------+-----+--------+

Top non-repeatable levels by time:
     D:1: 2412 daAuts
     D:7: 1762 daAuts
     D:2: 1678 daAuts
     D:3: 1541 daAuts
  Lair:4: 1533 daAuts
     D:5: 1324 daAuts
    D:10: 1236 daAuts
  Lair:2: 1041 daAuts
     D:9: 1005 daAuts
  Lair:5: 974 daAuts
     D:4: 973 daAuts
  Lair:1: 955 daAuts
     D:6: 887 daAuts
    D:11: 885 daAuts
     D:8: 855 daAuts
